 Dungeon Crawl Stone Soup version 0.27.1-3-gb3d3a73c9e (webtiles) character file.

Game seed: 4000798964901910906

29 n0isemaker the Skirmisher (level 3, -2/29 HPs)
             Began as a Demonspawn Abyssal Knight on Oct 11, 2021.
             Was a Follower of Lugonu.
             Slain by a gnoll (8 damage)
             ... on level 1 of the Dungeon.
             The game lasted 00:03:10 (2178 turns).

n0isemaker the Skirmisher (DsAK)                    Turns: 2178, Time: 00:03:11

Health: -2/29      AC:  5    Str: 12    XL:     3   Next: 1%
Magic:  4/4        EV: 10    Int: 13    God:    Lugonu [*.....]
Gold:   59         SH:  0    Dex: 13    Spells: 2/2 levels left

rFire    . . .     SeeInvis .   a - +1 spear
rCold    . . .     Faith    .   (no shield)
rNeg     . . .     Spirit   .   d - +0 ring mail
rPois    .         Reflect  .   (no helmet)
rElec    .         Harm     .   (no cloak)
rCorr    .         Rampage  .   (no gloves)
Will     .....                  (no boots)
Stlth    +.........             (no amulet)
HPRegen  0.09/turn              (no ring)
MPRegen  0.09/turn              (no ring)

@: no status effects
A: hooves 1, powered by pain 1
a: Renounce Religion, Depart the Abyss


You were on level 1 of the Dungeon.
You worshipped Lugonu.
Lugonu was aware of your devotion.
You visited 1 branch of the dungeon, and saw 2 of its levels.
You visited the Abyss 1 time.

You collected 59 gold pieces.

Inventory:

Hand Weapons
 a - a +1 spear (weapon)
Missiles
 f - 6 javelins (quivered)
Armour
 d - a +0 ring mail (worn)
Scrolls
 b - 2 scrolls of teleportation {unknown}
Potions
 c - a potion of curing {unknown}
 e - a potion of haste {unknown}


   Skills:
 + Level 3.4 Fighting
 + Level 2.0 Polearms
 + Level 2.1 Armour
 + Level 1.3 Dodging
 + Level 0.4 Stealth
 + Level 2.6 Invocations


You had 2 spell levels left.
You didn't know any spells.
Your spell library was empty.

Dungeon Overview and Level Annotations

Branches:
Dungeon (2/15)

Altars:


Innate Abilities, Weirdness & Mutations

You have large cloven feet.
You sometimes gain a little power by taking damage.


Message History

A gnoll comes into view. It is wielding a +0 spear.
The gnoll shouts!
The bat closely misses you. x2
The bat hits you but does no damage. The bat hits you but does no damage.
The bat closely misses you. The bat hits you but does no damage.
The bat misses you.
There is a stone staircase leading up here.
The bat barely misses you. The gnoll hits you with a +0 flail!
You climb upwards.
There is a stone staircase leading down here.
Reach: a) +1 spear
Press: ? - help, Dir - move target, f - gnoll
Aim: a gnoll, wielding a +0 flail (about 34% to evade your +1 spear)
You hit the gnoll. You kick the gnoll.
The gnoll is heavily wounded.
The gnoll hits you but does no damage.
Reach: a) +1 spear
Press: ? - help, Dir - move target, f/p - gnoll
Aim: a gnoll, wielding a +0 flail (heavily wounded, about 34% to evade your +1 spear)
You closely miss the gnoll.
The gnoll is heavily wounded.
The gnoll barely misses you.
Reach: a) +1 spear
Press: ? - help, Dir - move target, f/p - gnoll
Aim: a gnoll, wielding a +0 flail (heavily wounded, about 34% to evade your +1 spear)
You hit the gnoll.
The gnoll is heavily wounded.
The gnoll hits you with a +0 flail!
* * * LOW HITPOINT WARNING * * *
You hit the gnoll but do no damage.
The gnoll is heavily wounded.
The gnoll barely misses you.
You barely miss the gnoll. Your kick misses the gnoll.
The gnoll is heavily wounded.
The gnoll hits you but does no damage.
You hit the gnoll. Your kick misses the gnoll.
The gnoll is severely wounded.
The gnoll hits you with a +0 flail!
You die...

#.####....# #.#..#>#.#.#
#.#..#....####.#†.#.#.#.#
#.[..#............#.#.#.#
###.##########†#.##.#.#.#
........)...†..#....#.#.#
......###############.#.#
......>...............#.#
......#################.#
...............g@.......#
.....>###################
......## .......#
.#.#.#.# ..#.#.##
.#...#.# ..#.#.##
.#.#.#.#


You could see a gnoll.

Vanquished Creatures
  A worm (D:1)
  4 endoplasms (D:1)
  A giant cockroach (D:2)
  A goblin (D:1)
  3 hobgoblins (D:1)
  2 jackals (D:1)
  3 bats (D:1)
  4 frilled lizards
  4 kobolds (D:1)
  A rat (D:1)
24 creatures vanquished.

Notes
Turn   | Place    | Note
-------+----------+-------------------------------------------
     0 | Abyss:1  | n0isemaker the Demonspawn Abyssal Knight began the quest
                  | for the Orb.
     0 | Abyss:1  | Reached XP level 1. HP: 18/18 MP: 2/2
    56 | Abyss:1  | Noticed a will-o-the-wisp
    56 | Abyss:1  | Noticed a raiju
    57 | D:1      | Escaped the Abyss
   598 | D:1      | Reached skill level 1 in Dodging
   793 | D:1      | Gained mutation: You have large cloven feet. [demonic
                  | ancestry]
   793 | D:1      | Reached XP level 2. HP: 9/24 MP: 3/3
  1090 | D:1      | Found a faded altar of an unknown god.
  1126 | D:1      | Reached * piety under Lugonu
  2144 | D:2      | Gained mutation: You sometimes gain a little power by
                  | taking damage. [demonic ancestry]
  2144 | D:2      | Reached XP level 3. HP: 29/29 MP: 4/4
  2178 | D:1      | Slain by a gnoll

Illustrated notes

Levels and vault maps discovered:
D:1:      sevenhm_arrival_forest_fort_large_2, layout_basic,
          basic_ecumenical_altar, serial_bayou_ford_a, minmay_tiny_reverse_x
D:2:      layout_basic, minivault_23

Skill      XL: |  1  2 |
---------------+-------+-----
Dodging        | 1 |  1.3
Armour         | 2 |  2.1
Polearms       | 2 |  2.0
Fighting       | |  3.4
Stealth        | |  0.4
Invocations    | |  2.6

Action                   || total
-------------------------++-------
Melee: Spear             ||    84
       Kick              ||     7
Invok: Depart the Abyss  ||     1
Armor: Leather armour    ||    16
       Ring mail         ||    11
Dodge: Dodged            ||    32
